 Dungeon Crawl Stone Soup version 0.26-a0-611-g354ed81502 (webtiles) character file.

Game seed: 16142358123588717718

225 Morbidden the Chopper (level 6, -1/53 HPs)
             Began as a Hill Orc Monk on Sept 6, 2020.
             Was a Believer of Beogh.
             Slain by an orc warrior
             ... wielding a +0 battleaxe
              (16 damage)
             ... on level 4 of the Dungeon.
             The game lasted 00:04:56 (3882 turns).

Morbidden the Chopper (Hill Orc Monk)               Turns: 3882, Time: 00:04:57

Health: -1/53      AC:  8    Str: 16    XL:     6   Next: 1%
Magic:  6/6        EV:  7    Int: 10    God:    Beogh [**....]
Gold:   196        SH:  0    Dex: 13    Spells: 5/5 levels left

rFire    . . .     SeeInvis .   b - +2 dagger (venom)
rCold    . . .     Faith    .   (no shield)
rNeg     . . .     Spirit   .   s - +0 chain mail
rPois    .         Reflect  .   (no helmet)
rElec    .         Harm     .   (no cloak)
rCorr    .                      (no gloves)
MR       .....                  (no boots)
Stlth    ..........             (no amulet)
HPRegen  0.17/turn              (no ring)
MPRegen  0.10/turn              (no ring)

@: no status effects
A: no striking features
a: Smiting, Renounce Religion


You were on level 4 of the Dungeon.
You worshipped Beogh.
Beogh was pleased with you.
You visited 1 branch of the dungeon, and saw 4 of its levels.

You collected 196 gold pieces.

Inventory:

Hand Weapons
 a - a +0 hand axe
 b - a +2 dagger of venom (weapon)
Missiles
 c - 96 stones (quivered)
Armour
 s - a +0 chain mail (worn)
Wands
 p - a wand of flame (13)
Scrolls
 e - a scroll of fear {unknown}
 f - a scroll of enchant armour {unknown}
 g - 6 scrolls of identify {unknown}
 h - a scroll of brand weapon {unknown}
 i - a scroll of amnesia {unknown}
 o - a scroll of enchant weapon {unknown}
 r - a scroll of remove curse {unknown}
Potions
 d - a potion of berserk rage {unknown}
 j - 3 potions of lignification {unknown}
 k - a potion of flight {unknown}
 l - a potion of invisibility {unknown}
 m - a potion of stabbing {unknown}
 n - 2 potions of curing
 q - a potion of cancellation {unknown}


   Skills:
 * Level 4.6 Fighting
 + Level 0.6 Short Blades
 + Level 5.9 Axes
 + Level 0.9 Throwing
 + Level 0.2 Armour
 + Level 3.3 Dodging
 - Level 2.3 Stealth
 * Level 0.3 Invocations


You had 5 spell levels left.
You didn't know any spells.
Your spell library was empty.

Dungeon Overview and Level Annotations

Branches:
Dungeon (4/15)
 Temple: D:4-7

Altars:
Dithmenos


Message History

You hit the orc warrior but do no damage.
The orc warrior is poisoned.
The orc hits you but does no damage. The orc warrior barely misses you.
You closely miss the orc warrior. The orc hits you but does no damage.
The orc warrior hits you with a +0 battleaxe.
You hit the orc warrior but do no damage.
The orc warrior looks as sick as possible!
The orc hits you but does no damage.
Found a scroll labeled XOSSYANIDO.
You hit the orc warrior but do no damage.
The orc warrior looks as sick as possible!
The orc warrior is lightly wounded.
The orc warrior hits you with a +0 battleaxe!!
* * * LOW HITPOINT WARNING * * *
You hit the orc warrior but do no damage.
The orc warrior looks as sick as possible!
The orc warrior is moderately wounded.
The orc warrior hits you with a +0 battleaxe!
You die...
Beogh appreciates the orc warrior's killing of a heretic priest.

# .# ..#
...#
####....#
#oo.....#
#o# #@#
#....#
....?....
##########


You could see an orc warrior (extremely poisoned) and 2 orcs.

Vanquished Creatures
  A centaur (D:2)
  A worker ant (D:2)
  An orc wizard (D:2)
  2 adders (D:3)
  An ooze (D:3)
  2 worms
  A leopard gecko (D:1)
  3 orcs
  3 giant cockroaches
  8 goblins
  7 hobgoblins
  3 jackals (D:1)
  2 quokkas (D:2)
  6 bats
  8 frilled lizards
  8 kobolds
  7 rats
64 creatures vanquished.

Vanquished Creatures (others)
  A leopard gecko (D:3)
  A kobold (D:3)
  A plant (D:1)
3 creatures vanquished.

Grand Total: 67 creatures vanquished

Notes
Turn   | Place    | Note
-------+----------+-------------------------------------------
     0 | D:1      | Morbidden the Hill Orc Monk began the quest for the Orb.
     0 | D:1      | Reached XP level 1. HP: 19/19 MP: 1/1
   367 | D:1      | Reached XP level 2. HP: 23/26 MP: 2/2
   748 | D:1      | Reached XP level 3. HP: 33/33 MP: 3/3
   915 | D:1      | Reached skill level 5 in Axes
  1355 | D:2      | Noticed a centaur
  1370 | D:2      | Killed a centaur
  1370 | D:2      | Reached XP level 4. HP: 3/41 MP: 4/4
  1370 | D:2      | Reached XP level 5. HP: 3/47 MP: 5/5
  2507 | D:2      | Found a shadowy altar of Dithmenos.
  3377 | D:3      | Became a worshipper of Beogh the Brigand
  3377 | D:3      | Reached * piety under Beogh
  3377 | D:3      | Reached ** piety under Beogh
  3738 | D:3      | Reached XP level 6. HP: 53/53 MP: 6/6
  3866 | D:4      | Noticed an orc warrior
  3882 | D:4      | Slain by an orc warrior

Illustrated notes

Levels and vault maps discovered:
D:1:      eino_arrival_druids_welcome, layout_basic, dk_noncrumbling_3
D:2:      layout_basic, nicolae_dithmenos_through_a_glass_darkly,
          grunt_ministairs_8
D:3:      layout_loops_cross, nicolae_overflow_hidden_temple
D:4:      layout_basic, nicolae_gozag_seed_capital, minmay_temple_entry_ruins,
          hex_intersection

Skill      XL: |  1  2  3 |
---------------+----------+-----
Axes           | 5 |  5.9
Fighting       | 4 |  4.6
Dodging        | 3 |  3.3
Stealth        | 2 |  2.3
Short Blades   | |  0.6
Throwing       | |  0.9
Armour         | |  0.2
Invocations    | |  0.3

Action                   |  1- 3 |  4- 6 || total
-------------------------+-------+-------++-------
Melee: Hand axe          |    72 |    57 ||   129
       Dagger            |    24 |    56 ||    80
Throw: Stone             |    16 |    16 ||    32
Invok: Convert to Beogh  |       |     1 ||     1
  Use: Potion            |     2 |       ||     2
 Stab: Sleeping          |     3 |     2 ||     5
Armor: Robe              |    23 |     6 ||    29
       Chain mail        |       |    20 ||    20
Dodge: Dodged            |    75 |    52 ||   127

Table legend: (Time is in decaauts)
 A = Elapsed time spent in this place.
 B = Non-inter-level travel time spent in this place.
 C = Inter-level travel time spent in this place.
 D = Time resting spent in this place.
 E = Time spent auto-exploring this place.
 F = Levels seen in this place.
 G = Mean time per level.
                   A        B        C        D        E       F      G
               +--------+--------+--------+--------+--------+-----+--------+
         Total |   3885 |   3838 |     47 |    624 |   2699 |   4 |  971.2 |
       Dungeon |   3885 |   3838 |     47 |    624 |   2699 |   4 |  971.2 |
               +--------+--------+--------+--------+--------+-----+--------+

Top non-repeatable levels by time:
     D:2: 1890 daAuts
     D:1: 1047 daAuts
     D:3: 934 daAuts
     D:4: 12 daAuts
